 Dungeon Crawl Stone Soup version 0.23-a0-636-g0ff6057 (webtiles) character file.

3754 Matador8 the Destroyer (level 9, -1/72 HPs)
             Began as a White Draconian Conjurer on Dec 28, 2018.
             Was an Initiate of Gozag.
             Slain by a troll (3 damage)
             ... on level 9 of the Dungeon.
             The game lasted 01:02:18 (11739 turns).

Matador8 the Destroyer (White Draconian Conjurer)  Turns: 11739, Time: 01:02:24

Health: -1/72      AC:  9    Str: 11    XL:     9   Next: 93%
Magic:  11/21      EV: 12    Int: 17    God:    Gozag
Gold:   662        SH:  0    Dex: 13    Spells: 11/25 levels left

rFire    . . .     SeeInvis .   h - +0 dagger
rCold    + + .     Gourm    .   (no shield)
rNeg     . . .     Faith    .   (armour unavailable)
rPois    .         Spirit   .   (helmet restricted)
rElec    .         Reflect  .   (no cloak)
rCorr    .         Harm     .   E - +1 pair of gloves
MR       +....                  (no boots)
Stlth    ++........             I - amulet of rage
HPRegen  0.22/turn              c - ring of protection from cold
MPRegen  0.17/turn              v - ring of protection from magic (curse)

@: no status effects
A: breathe frost, unfitting armour, cold resistance 1, cold-blooded, AC +7
a: Breathe Frost, Potion Petition, Call Merchant, Bribe Branch, Renounce
Religion, Evoke Berserk Rage


You were on level 9 of the Dungeon.
You worshipped Gozag.
Gozag was pleased with you.
You were not hungry.

You visited 2 branches of the dungeon, and saw 12 of its levels.

You collected 974 gold pieces.
You paid 312 gold pieces to Gozag.

Inventory:

Hand Weapons
 h - a +0 dagger (weapon)
 F - a +2 shortbow of flaming
 J - a +0 shortbow of velocity
Missiles
 u - 9 poisoned needles
 x - 2 javelins (quivered)
 G - 86 arrows
Armour
 E - a +1 pair of gloves (worn)
Magical Staves
 C - an uncursed staff of poison {unknown}
Jewellery
 c - a ring of protection from cold (left hand)
 v - a cursed ring of protection from magic (right hand)
 I - an amulet of rage (around neck)
Wands
 m - a wand of paralysis (8)
 s - a wand of polymorph (11)
 D - a wand of digging (6)
Scrolls
 a - a scroll of enchant armour
 e - 2 scrolls of teleportation
 f - 2 scrolls of blinking {unknown}
 g - 3 scrolls of remove curse
 l - a scroll of noise {unknown}
 o - a scroll of fear {unknown}
 p - 2 scrolls of immolation
 q - a scroll of random uselessness {unknown}
 t - a scroll of silence {unknown}
 y - a scroll of fog {unknown}
 z - a scroll of identify
Potions
 d - a potion of ambrosia {unknown}
 i - a potion of mutation {unknown}
 j - a potion of lignification {unknown}
 k - a potion of agility {unknown}
 r - a potion of resistance {unknown}
 w - a potion of magic {unknown}
 A - 4 potions of might
 B - 2 potions of brilliance {unknown}
 H - 2 potions of flight {unknown}
Comestibles
 b - 6 rations


   Skills:
 + Level 4.3 Fighting
 - Level 1.7 Dodging
 - Level 1.7 Stealth
 - Level 8.7 Spellcasting
 - Level 10.0 Conjurations
 + Level 3.6 Hexes


You had 11 spell levels left.
You knew the following spells:

 Your Spells              Type           Power        Failure   Level  Hunger
a - Magic Dart            Conj           ####         1%          1    None
b - Searing Ray           Conj           #####.       1%          2    None
c - Dazzling Spray        Conj/Hex       ####..       1%          3    #......
d - Iskenderun's Mystic   Conj           #####...     1%          4    ###....
e - Fulminant Prism       Conj/Hex       ####......   6%          4    ###....

Your spell library contained the following spells:

 Spells                   Type           Power        Failure   Level  Hunger
 Confusing Touch          Hex            ###...       2%          1    None
 Confuse                  Hex            ###.....     7%          3    #......
 Force Lance              Conj/Tloc      ###.....     12%         4    ###....
 Gell's Gravitas          Tloc           #.........   28%         3    #......
 Petrify                  Tmut/Erth      #.......     67%         4    ###....
 Metabolic Englaciation   Hex/Ice        ##........   78%         5    #####..
 Yara's Violent Unravell  Hex/Tmut       ##........   78%         5    #####..


Dungeon Overview and Level Annotations

Branches:
Dungeon (11/15)            Temple (1/1) D:6
   Lair: D:8-11         Orc: D:9-12

Altars:
Ashenzari
Cheibriados
Dithmenos
Elyvilon
Fedhas
Gozag
Kikubaaqudgha
Nemelex Xobeh
Qazlal
Ru
Sif Muna
Trog
Vehumet
Wu Jian
Xom
Yredelemnul
Zin
The Shining One
Jiyva

Shops:
D:6 =[?}

Annotations:
D:2 1 runed door, exclusion: door
D:6 Pikel
D:11 Erolcha


Innate Abilities, Weirdness & Mutations

You can breathe waves of freezing cold.
You can buffet flying creatures when you breathe cold.
Your icy white scales are hard. (AC +7)
You cannot fit into any form of body armour.
Your flesh is cold resistant. (rC+)
You are cold-blooded and may be slowed by cold attacks.


Message History

You feel much better. The troll misses you. The troll barely misses you. x2
Casting: Magic Dart (safe; 1% risk of failure)
Confirm with . or Enter, or press ? or * to list all spells.
Aiming: Searing Ray (safe; 1% risk of failure)
Press: ? - help, Shift-Dir - straight line, f/p - troll
Aim: a troll (heavily wounded, blind)
The searing ray hits the troll.
The troll is severely wounded. (Press . to maintain the ray.)
The troll is no longer blind.
The troll closely misses you. The troll claws you!
* * * LOW HITPOINT WARNING * * *
The troll barely misses you.
The searing ray hits the troll.
The troll is almost dead.
The troll bites you!!
* * * LOW HITPOINT WARNING * * *
The troll claws you.
You die...
Your body crumbles into a pile of gold.

#..).#####.#.....#.......
#.)..# #.#.....#.......
#..).# #.'..$..#....###
#....# #.#.....#....#
####.# #.#.T...#....# #.#
#.# ....#....# #.# #.#
....#....#
#.#'###.#######....#
#....@T........
#..#####+##.... # ..


You could see a troll.

Vanquished Creatures
  Prince Ribbit (D:5)
  A hippogriff (D:6)
  3 phantoms
  A sky beast (D:8)
  3 ice beasts
  2 slaves (D:5)
  A black bear (D:7)
  A necrophage (D:7)
  3 ogres
  3 centaurs
  2 bullfrogs
  2 scorpions
  A water moccasin skeleton (D:6)
  8 killer bees
  2 electric eels (D:9)
  2 howler monkeys (D:7)
  A bullfrog zombie (D:8)
  5 crimson imps
  A quasit (D:6)
  5 hounds
  5 orc priests
  A centaur skeleton (D:8)
  2 bullfrog skeletons
  7 jellies
  An iguana (D:6)
  2 orc wizards
  5 worker ants
  A hound zombie (D:8)
  A hound skeleton (D:4)
  Robin (D:1)
  3 adders
  4 gnolls (D:7)
  A shadow imp (D:6)
  6 oozes
  2 worms
  2 dart slugs (D:1)
  5 leopard geckos
  28 orcs
  5 giant cockroaches
  18 goblins
  9 hobgoblins
  17 jackals
  5 quokkas
  2 ball pythons
  7 bats
  6 frilled lizards
  12 kobolds
  A quokka skeleton (D:8)
  A quokka zombie (D:8)
  7 rats
215 creatures vanquished.

Vanquished Creatures (others)
  3 fulminant prisms (D:9)
3 creatures vanquished.

Grand Total: 218 creatures vanquished

Notes
Turn   | Place    | Note
-------+----------+-------------------------------------------
     0 | D:1      | Matador8 the Draconian Conjurer began the quest for the
                  | Orb.
     0 | D:1      | Reached XP level 1. HP: 14/14 MP: 3/3
   108 | D:1      | Reached XP level 2. HP: 20/20 MP: 1/5
   114 | D:1      | Learned a level 2 spell: Searing Ray
   363 | D:1      | Reached XP level 3. HP: 23/26 MP: 1/7
  1005 | D:2      | Noticed Robin
  1275 | D:1      | Killed Robin
  1275 | D:1      | Reached XP level 4. HP: 21/33 MP: 2/8
  1407 | D:2      | Found a runed door.
  1452 | D:2      | Found a shattered altar of Ashenzari.
  1588 | D:2      | Reached skill level 5 in Conjurations
  2284 | D:3      | Reached XP level 5. HP: 34/38 MP: 6/10
  2459 | D:3      | Learned a level 3 spell: Dazzling Spray
  2464 | D:3      | Learned a level 4 spell: Iskenderun's Mystic Blast
  3687 | D:4      | Reached XP level 6. HP: 28/45 MP: 4/12
  3974 | D:4      | Reached skill level 6 in Conjurations
  4735 | D:4      | Found an ancient bone altar of Kikubaaqudgha.
  4742 | D:4      | Found a blossoming altar of Fedhas.
  4842 | D:5      | Entered Level 5 of the Dungeon
  4859 | D:5      | Noticed Prince Ribbit
  4940 | D:5      | Reached skill level 5 in Spellcasting
  4967 | D:5      | Found a snail-covered altar of Cheibriados.
  5056 | D:5      | Your scales start taking on an icy white colour.
  5056 | D:5      | Reached XP level 7. HP: 50/50 MP: 8/14
  5056 | D:5      | Gained mutation: Your flesh is cold resistant. (rC+) [White
                  | Draconian growth]
  5202 | D:5      | Reached skill level 7 in Conjurations
  5576 | D:5      | Killed Prince Ribbit
  5635 | D:5      | Reached XP level 8. HP: 45/57 MP: 3/17
  5727 | D:6      | Found a staircase to the Ecumenical Temple.
  5747 | D:5      | Reached skill level 8 in Conjurations
  5907 | D:6      | Noticed a hippogriff
  5950 | Temple   | Entered the Ecumenical Temple
  6008 | Temple   | Became a worshipper of Gozag Ym Sagoz the Greedy
  6070 | D:6      | Found Zomuxeeg's Jewellery Shoppe.
  6123 | D:6      | Found Siypeann's Magic Scroll Emporium.
  6309 | D:6      | Found Pisk's Gadget Emporium.
  6340 | D:6      | Found Lysipn's Antique Armour Shop.
  6779 | D:6      | Noticed Pikel
  6965 | D:6      | Killed a hippogriff
  6965 | D:6      | Reached skill level 9 in Conjurations
  7301 | D:6      | Found a white marble altar of Elyvilon.
  7467 | D:7      | Reached XP level 9. HP: 62/62 MP: 3/20
  7757 | D:7      | You fall through a shaft for 3 floors!
  7757 | D:10     | Entered Level 10 of the Dungeon
  7817 | D:10     | Paralysed by a hornet for 3 turns
  7850 | D:8      | You fall through a shaft for 3 floors!
  7851 | D:11     | Noticed a guardian serpent
  7856 | D:11     | Noticed a troll
  7864 | D:11     | Noticed Erolcha
  7864 | D:11     | Noticed a cyan ugly thing
  8480 | D:8      | Found a radiant altar of Vehumet.
  9048 | D:7      | Reached skill level 10 in Conjurations
  9549 | D:7      | Reached skill level 1 in Fighting
  9932 | D:8      | Reached skill level 1 in Hexes
 10366 | D:8      | Found a sparkling altar of Nemelex Xobeh.
 10366 | D:8      | Found a glowing silver altar of Zin.
 10367 | D:8      | Found a shimmering altar of Xom.
 10367 | D:8      | Found a deep blue altar of Sif Muna.
 10368 | D:8      | Found a shadowy altar of Dithmenos.
 10368 | D:8      | Found a stormy altar of Qazlal.
 10369 | D:8      | Found a bloodstained altar of Trog.
 10984 | D:9      | Learned a level 4 spell: Fulminant Prism
 11221 | D:9      | Found a stormy altar of Qazlal.
 11720 | D:9      | Noticed a troll
 11739 | D:9      | HP: 2/72 [troll (18)]
 11739 | D:9      | Slain by a troll

Vault maps used:
D:1:      psy_arrival_fountain
D:2:      evilmike_ruin_ashenzari, uniq_robin, uniq_crazy_yiuf_cottage
D:4:      grunt_temple_overflow_growth_and_decay, first_ration
D:5:      cheibriados_altar_1, uniq_prince_ribbit1
D:6:      elyvilon_altar_3, minmay_temple_entry_drinking_statues, serial_shops,
          shop_fountains, shop, nicolae_shop_trees, shop, uniq_pikel
D:8:      grunt_temple_overflow_open, serial_co_window_serial,
          co_window_corner_a, co_window_corner_a, co_window_corner_a,
          co_window_corner_a, co_window_paths_b, co_window_corner_a,
          co_window_paths_a, co_window_broadway_c, co_window_corner_cb,
          co_window_of_opportunity_b, co_window_broadway_c,
          co_window_of_opportunity_b, co_window_paths_e, serial_park_tiny_2
D:9:      minmay_lair_entry_lava, erik_orc_2, basic_altar
D:11:     nrook_guardian_serpent_ordinary, uniq_erolcha
Temple:   pf_slime_end_temple

Skill      XL: |  1  2  3  4  5  6  7  8  9 |
---------------+----------------------------+-----
Spellcasting   | 3 4 5 6 7 8 |  8.7
Conjurations   | 5 6 7 9 10 | 10.0
Fighting       | 4 |  4.3
Hexes          | 3 |  3.6
Dodging        | |  1.7
Stealth        | |  1.7

Action                   |  1- 3 |  4- 6 |  7- 9 || total
-------------------------+-------+-------+-------++-------
Melee: Unarmed           |    51 |       |       ||    51
       Tailslap          |    10 |    21 |     7 ||    38
       Dagger            |    43 |   225 |    57 ||   325
 Cast: Magic Dart        |    54 |   121 |   273 ||   448
       Searing Ray       |     2 |     7 |    38 ||    47
       Dazzling Spray    |       |       |     9 ||     9
       Iskenderun's Myst |       |       |     4 ||     4
       Fulminant Prism   |       |       |     3 ||     3
Invok: Potion Petition   |       |       |     2 ||     2
 Abil: Breathe Frost     |       |       |     3 ||     3
  Use: Scroll            |       |     4 |     9 ||    13
       Potion            |       |       |     4 ||     4
 Stab: Sleeping          |       |     4 |       ||     4
  Eat: Chunk             |     2 |     8 |     4 ||    14
       Ration            |       |     1 |     6 ||     7
Armor: Skin              |    38 |    78 |    92 ||   208
Dodge: Dodged            |    92 |   185 |   227 ||   504

Table legend:
 A = Non-vault XP
 B = Vault XP
 C = Vault XP percentage of total XP
 D = Non-vault monster count
 E = Vault monster count
 F = Vault count percentage of total count
                 A         B        C        D         E       F
            +---------+---------+-------+---------+---------+-------
      Total |    4986 |     377 |   7.0 |     198 |      15 |   7.0
            +---------+---------+-------+---------+---------+-------
        D:1 |      58 |      17 |  22.7 |      30 |       2 |   6.2
        D:2 |      76 |      18 |  19.1 |      28 |       9 |  24.3
        D:3 |     194 |       0 |   0.0 |      36 |       0 |   0.0
        D:4 |     270 |       0 |   0.0 |      11 |       0 |   0.0
        D:5 |     941 |     255 |  21.3 |      14 |       1 |   6.7
        D:6 |     666 |       0 |   0.0 |      19 |       0 |   0.0
        D:7 |    1202 |       0 |   0.0 |      23 |       0 |   0.0
        D:8 |    1078 |       0 |   0.0 |      19 |       0 |   0.0
        D:9 |     449 |      87 |  16.2 |      16 |       3 |  15.8
       D:10 |      52 |       0 |   0.0 |       2 |       0 |   0.0
            +---------+---------+-------+---------+---------+-------
